 Dungeon Crawl Stone Soup version 0.23.2-1-ga50397a (webtiles) character file.

Game seed: 1618744771961964365

2177 doot the Thaumaturge (level 9, -12/45 HPs)
             Began as a Deep Elf Fire Elementalist on May 21, 2019.
             Was a Believer of Vehumet.
             Hit by a tomahawk of returning thrown by an orc warrior (14 damage)
             ... on level 7 of the Dungeon.
             The game lasted 00:21:13 (7240 turns).

doot the Thaumaturge (Deep Elf Fire Elementalist)   Turns: 7240, Time: 00:21:14

Health: -12/45     AC:  6    Str:  5    XL:     9   Next: 11%
Magic:  7/24       EV: 13    Int: 24    God:    Vehumet [**....]
Gold:   419        SH:  0    Dex: 17    Spells: 9/27 levels left

rFire    . . .     SeeInvis .   (no weapon)
rCold    . . .     Gourm    .   (no shield)
rNeg     . . .     Faith    .   G - +2 robe
rPois    .         Spirit   .   (no helmet)
rElec    .         Reflect  .   t - +1 cloak
rCorr    .         Harm     .   (no gloves)
MR       .....                  (no boots)
Stlth    ++........             (no amulet)
HPRegen  0.15/turn              n - +2 ring of dexterity
MPRegen  0.19/turn              J - ring of attention

@: no status effects
A: no striking features
a: Renounce Religion


You were on level 7 of the Dungeon.
You worshipped Vehumet.
Vehumet was pleased with you.
You were not hungry.

You visited 2 branches of the dungeon, and saw 8 of its levels.
You also visited: Ossuary.

You collected 419 gold pieces.

Inventory:

Missiles
 l - 2 throwing nets (quivered)
Armour
 a - a +0 robe
 t - a +1 cloak (worn)
 G - a +2 robe (worn)
Jewellery
 h - an uncursed ring of stealth
 m - an uncursed ring of positive energy
 n - a +2 ring of dexterity (left hand)
 H - an uncursed ring of ice
 J - a ring of attention (right hand)
Wands
 w - a wand of polymorph (13)
 F - a wand of paralysis (9)
Scrolls
 b - 2 scrolls of remove curse
 f - 5 scrolls of teleportation
 g - 5 scrolls of identify
 i - 2 scrolls of enchant weapon
 j - 2 scrolls of enchant armour
 y - a scroll of fear
 B - a scroll of immolation
 C - a scroll of blinking
Potions
 d - 4 potions of haste
 e - a potion of flight {unknown}
 p - 5 potions of degeneration
 q - a potion of might
 s - 2 potions of agility {unknown}
 u - a potion of brilliance {unknown}
 v - a potion of magic {unknown}
 x - a potion of lignification {unknown}
 z - a potion of curing
 A - a potion of heal wounds {unknown}
 D - a potion of invisibility {unknown}
 E - a potion of cancellation {unknown}
Comestibles
 c - 7 rations


   Skills:
 + Level 3.1 Dodging
 + Level 4.9 Stealth
 + Level 9.7 Spellcasting
 + Level 6.8 Conjurations
 + Level 2.4 Hexes
 + Level 7.5 Fire Magic


You had 9 spell levels left.
You knew the following spells:

 Your Spells              Type           Power        Failure   Level  Hunger
a - Flame Tongue          Conj/Fire      #####        1%          1    None
b - Throw Flame           Conj/Fire      #####.       1%          2    None
c - Conjure Flame         Conj/Fire      #####...     1%          3    None
d - Inner Flame           Hex/Fire       #####...     2%          3    None
e - Sticky Flame          Conj/Fire      #####...     2%          4    #......
f - Fireball              Conj/Fire      #####.....   8%          5    ####...

Your spell library contained the following spells:

 Spells                   Type           Power        Failure   Level  Hunger
 Beastly Appendage        Tmut           ##....       5%          1    None
 Swiftness                Chrm/Air       ##......     9%          2    None
 Blade Hands              Tmut           ##........   83%         5    ####...
 Deflect Missiles         Chrm/Air       ##........   100%        6    ######.
 Hydra Form               Tmut           ##........   100%        6    ######.


Dungeon Overview and Level Annotations

Branches:
Dungeon (7/15)             Temple (1/1) D:4

Altars:
Ashenzari
Cheibriados
Dithmenos
Elyvilon
Fedhas
Gozag
Hepliaklqana
Kikubaaqudgha
Makhleb
Nemelex Xobeh
Okawaru
Qazlal
Ru
Sif Muna
Uskayaw
Vehumet
Wu Jian
Xom
Yredelemnul
Zin
The Shining One

Shops:
D:4 %


Message History

The flame tongue misses the orc.
The orc warrior throws a tomahawk of returning.
The tomahawk of returning closely misses you.
The weapon returns to the orc warrior!
Casting: Flame Tongue (safe; 1% risk of failure)
Confirm with . or Enter, or press ? or * to list all spells.
Aiming: Flame Tongue (safe; 1% risk of failure)
Press: ? - help, Shift-Dir - straight line, f/p - orc
Aim: an orc, wielding a +0 dagger (severely wounded, inner flame)
The flame tongue hits the orc!
The orc explodes!
The fiery explosion engulfs the orc warrior!
The orc warrior resists.
The orc warrior is heavily wounded.
Vehumet accepts your kill.
You feel your power returning.
The orc warrior is engulfed in blazing flames.
The orc warrior throws a tomahawk of returning.
The tomahawk of returning hits you!
You die...

.....##........#
.....##........########
......'.........>..5..#
....§##........#####.##
.....##........#.....#
.....##........#.#####
.....##........#.#
'######........#.# .#
#........#@# .#
##########.#
'########## #)#
))..(.....######§#
.........o.....§o#####
....###........§§....#
....# #..............+
?...#+#..............#
....%...#......).....#


You could see an orc warrior.

Vanquished Creatures
  2 ice beasts
  2 orc warriors (D:6)
  A necrophage (D:6)
  2 sky beasts (D:5)
  2 ogres
  A centaur (D:5)
  An elf zombie (Ossuary)
  Blork the orc (D:4)
  A bullfrog (D:5)
  2 scorpions (D:5)
  2 howler monkeys
  3 centaur zombies (Ossuary)
  3 hounds
  A jelly (D:5)
  5 orc priests
  3 orc wizards
  A centaur skeleton (D:6)
  4 worker ants
  Terence (D:2)
  A big kobold zombie (Ossuary)
  A hound zombie (Ossuary)
  3 mummies (Ossuary)
  10 adders
  2 oozes
  A worm zombie (D:6)
  An adder zombie (Ossuary)
  2 adder skeletons
  3 worms
  2 dart slugs
  5 leopard geckos
  20 orcs
  5 bats
  4 giant cockroaches
  A gnoll zombie (Ossuary)
  11 goblins
  8 hobgoblins
  4 jackals (D:6)
  8 kobolds
  A quokka (D:3)
  5 frilled lizards
  4 goblin zombies (Ossuary)
  3 hobgoblin zombies (Ossuary)
  4 jackal zombies (Ossuary)
  5 kobold zombies
  A leopard gecko skeleton (D:4)
  4 orc zombies (Ossuary)
  A quokka skeleton (D:6)
  2 quokka zombies (Ossuary)
  5 rats
  5 rat zombies (Ossuary)
170 creatures vanquished.

Notes
Turn   | Place    | Note
-------+----------+-------------------------------------------
     0 | D:1      | doot the Deep Elf Fire Elementalist began the quest for the
                  | Orb.
     0 | D:1      | Reached XP level 1. HP: 10/10 MP: 6/6
   149 | D:1      | Reached XP level 2. HP: 15/15 MP: 1/8
   285 | D:1      | Learned a level 2 spell: Throw Flame
   687 | D:1      | Reached XP level 3. HP: 19/19 MP: 7/10
  1022 | D:2      | Learned a level 3 spell: Conjure Flame
  1107 | D:2      | Found a faded altar of an unknown god.
  1115 | D:2      | Reached skill level 4 in Spellcasting
  1169 | D:2      | Noticed Terence
  1312 | D:2      | Killed Terence
  1312 | D:2      | Reached XP level 4. HP: 24/24 MP: 2/12
  2073 | D:2      | Learned a level 4 spell: Sticky Flame
  2578 | D:3      | Reached XP level 5. HP: 28/28 MP: 10/14
  2867 | D:4      | Found a staircase to the Ecumenical Temple.
  2876 | Temple   | Entered the Ecumenical Temple
  2885 | Temple   | Became a worshipper of Vehumet
  2967 | D:4      | Reached skill level 5 in Spellcasting
  3185 | D:4      | Noticed Blork the orc
  3212 | D:4      | Learned a level 3 spell: Inner Flame
  3216 | D:4      | Reached skill level 5 in Fire Magic
  3367 | D:4      | Reached XP level 6. HP: 32/32 MP: 12/16
  3379 | D:4      | Found Saerop's Food Shop.
  3574 | D:5      | Entered Level 5 of the Dungeon
  3724 | D:5      | Reached skill level 6 in Spellcasting
  3734 | D:5      | Reached XP level 7. HP: 21/36 MP: 0/18
  4029 | D:5      | Reached skill level 7 in Spellcasting
  4244 | D:5      | Reached skill level 1 in Hexes
  4356 | D:5      | Reached skill level 8 in Spellcasting
  4356 | D:5      | Reached XP level 8. HP: 41/41 MP: 15/22
  4615 | D:6      | Reached skill level 5 in Conjurations
  4652 | D:6      | Reached * piety under Vehumet
  4652 | D:6      | Offered knowledge of Shock by Vehumet.
  4739 | D:6      | Learned a level 5 spell: Fireball
  4776 | D:6      | Reached skill level 9 in Spellcasting
  4892 | D:6      | Found a sand-covered staircase.
  4904 | Ossuary  | Entered an ossuary
  5148 | Ossuary  | Offered knowledge of Sting by Vehumet.
  5153 | Ossuary  | Reached ** piety under Vehumet
  5948 | D:4      | Offered knowledge of Throw Frost by Vehumet.
  6306 | D:4      | Killed Blork the orc
  6306 | D:4      | Reached XP level 9. HP: 36/45 MP: 7/24
  6422 | D:6      | Learned a level 2 spell: Throw Frost
  7178 | D:7      | Identified the Grimoire of Changing and Aid
  7237 | D:7      | HP: 2/45 [orc warrior/tomahawk of returning (12)]
  7240 | D:7      | Hit by a tomahawk of returning thrown by an orc warrior

Skill      XL: |  1  2  3  4  5  6  7  8 |
---------------+-------------------------+-----
Fire Magic     | 4 5 6 7 |  7.5
Spellcasting   | 4 5 6 8 9 |  9.7
Stealth        | 3 4 |  4.9
Conjurations   | 2 3 4 6 |  6.8
Dodging        | 3 |  3.1
Hexes          | 1 2 |  2.4

Action                   |  1- 3 |  4- 6 |  7- 9 || total
-------------------------+-------+-------+-------++-------
Melee: Unarmed           |       |       |     6 ||     6
 Cast: Flame Tongue      |    54 |    66 |   155 ||   275
       Throw Flame       |     2 |    14 |    13 ||    29
       Conjure Flame     |     2 |     6 |    20 ||    28
       Sticky Flame      |       |     3 |    10 ||    13
       Inner Flame       |       |     1 |    11 ||    12
       Fireball          |       |       |     2 ||     2
       Throw Frost       |       |       |     3 ||     3
  Use: Scroll            |       |       |    12 ||    12
  Eat: Chunk             |     1 |     4 |     9 ||    14
       Ration            |     1 |       |     1 ||     2
Armor: Robe              |     1 |     1 |     6 ||     8
Dodge: Dodged            |    11 |    10 |    53 ||    74
